 Dungeon Crawl Stone Soup version 0.30-a0-292-g0f741e3f8e (webtiles) character file.

Game seed: 13616635650616512908

933 ytrimaz the Chiller (level 8, -3/57 HPs)
             Began as an Octopode Transmuter on Oct 17, 2022.
             Was an Initiate of Ashenzari.
             Slain by a centaur (5 damage)
             ... on level 5 of the Dungeon.
             The game lasted 00:07:22 (5044 turns).

ytrimaz the Chiller (Octopode Transmuter)           Turns: 5044, Time: 00:07:22

Health: -3/57      AC:  7    Str:  9    XL:     8   Next: 11%
Magic:  12/14      EV: 10    Int: 18    God:    Ashenzari [......]
Gold:   166        SH:  0    Dex: 12    Spells: 5/15 levels left

rFire   . . .      SeeInvis .      - Unarmed
rCold   + + +      Faith    .    (shield currently unavailable)
rNeg    . . .      Spirit   .    (helmet currently unavailable)
rPois   +          Reflect  .    (no amulet)
rElec   .          Harm     .    b - ring of protection from fire
rCorr   .          Rampage  .    (no ring)
Will    .....                    (no ring)
Stlth   +.........               (no ring)
HPRegen 0.29/turn                (no ring)
MPRegen 0.14/turn                (no ring)
                                 (no ring)
                                 (no ring)

@: ice-form
A: freezing attack, boosted hp, almost no armour, amphibious, 8 rings, large,
(camouflage 1), (gelatinous body 1), (nimble swimmer 1), (tentacles)
a: End Transformation, Renounce Religion


You were on level 5 of the Dungeon.
You worshipped Ashenzari.
Ashenzari was noncommittal.
You were a creature of crystalline ice.
You visited 2 branches of the dungeon, and saw 7 of its levels.

You collected 166 gold pieces.


Innate Abilities, Weirdness & Mutations

You are a creature of crystalline ice.
You have a powerful freezing melee attack.
Your maximum health is increased.
Your armour is entirely melded.
You are incapable of wielding weapons or throwing items.
You cannot wear most types of armour.
You are amphibious.
You can wear up to eight rings at the same time.
((Your skin changes colour to match your surroundings (Stealth+).))
((Your rubbery body absorbs attacks. (AC +1, EV +1)))
((You are camouflaged when in or above water. (Stealth+)))
((You have tentacles for arms and can constrict up to eight enemies at once.))


   Skills:
 - Level 1.0 Fighting
 - Level 2.0 Dodging
 - Level 3.0 Unarmed Combat
 + Level 4.4 Spellcasting
 + Level 4.8 Transmutations
 - Level 5.2 Ice Magic
 - Level 4.0 Poison Magic


You had 5 spell levels left.
You knew the following spells:

 Your Spells              Type           Power      Damage    Failure   Level
a - Beastly Appendage     Tmut           42%        N/A       1%          1
b - Wereblood             Tmut           21%        N/A       3%          2
c - Spider Form           Tmut/Pois      19%        N/A       7%          3
d - Ice Form              Ice/Tmut       22%        N/A       19%         4

Your spell library contained the following spells:

 Spells                   Type           Power      Damage    Failure   Level
 Dazzling Flash           Conj/Hex       6%         N/A       38%         3
 Agony                    Necr           3%         N/A       98%         5
 Silence                  Hex/Air        1%         N/A       98%         5

Inventory:

Jewellery
 b - a ring of protection from fire (left front paw)
   (You found it on level 2 of the Dungeon)
 c - an amulet of faith
   (You found it on level 3 of the Dungeon)
 e - a ring of ice
   (You found it on level 1 of the Dungeon)
Potions
 a - a potion of mutation {unknown}
 f - a potion of cancellation {unknown}
 g - a potion of brilliance
 i - a potion of ambrosia {unknown}

Dungeon Overview and Level Annotations

Branches:
Dungeon (6/15) Zot: 26718  Temple (1/1) D:5 Zot: 5887

Altars:
Ashenzari
Cheibriados
Dithmenos
Fedhas
Gozag
Hepliaklqana
Okawaru
Qazlal
Ru
Sif Muna
Trog
Uskayaw
Vehumet
Wu Jian
Xom
Yredelemnul
Zin
The Shining One

Shops:
D:4

: ### #### #.## ##
#...# ...# ..
#........ . '##
#..#.##.# .# ....
#.....#'##.##
.....#. .#.......#
.....#. .#.Yc....#
.......#.#.#.....#
.......c###†.....#
#...#...#..##
......#..S..#....##
.Sy## ##.>.#####..#
. .. #.....#....##
..#...#...#..##
#+##.....###.....#


You could see a centaur.


Message History

You barely miss the killer bee. The killer bee stings you.
The adder bites you but does no damage. 😕 HP[-5]
You take 5 damage, and now have 43/51 hp.
You barely miss the killer bee.
The killer bee stings you but does no damage.
The killer bee barely misses you. The adder bites you.
You are poisoned.
The adder poisons you! The killer bee stings you.
The killer bee closely misses you. 😕 HP[-2]
You take 2 damage, and now have 41/51 hp.
You barely miss the killer bee.
You feel sick. The killer bee closely misses you. The killer bee stings you.
The adder barely misses you. The killer bee barely misses you.
The killer bee stings you. The adder barely misses you. 😮 HP[-13]
You take 13 damage, and now have 28/51 hp.
MASSIVE DAMAGE!! (PAUSE)
The adder attacks as you move away! The adder bites you but does no damage.
The killer bee attacks as you move away!
The killer bee stings you but does no damage.
You feel sick. The killer bee barely misses you.
The killer bee stings you but does no damage.
The killer bee closely misses you.
The killer bee attacks as you move away!
The killer bee stings you.
* * * LOW HITPOINT WARNING * * *
You feel sick.
The killer bee stings you but does no damage. 😨 HP[-7]
You take 7 damage, and now have 21/51 hp.
You feel much better.
You feel sick. The killer bee barely misses you.
The killer bee stings you but does no damage.
The killer bee stings you.
The killer bee closely misses you. 😕 HP[+20]
You regained 20 hp, and now have 41/51 hp.
Unknown command.
You feel sick. The killer bee closely misses you.
The killer bee stings you but does no damage.
The killer bee attacks as you move away!
The killer bee stings you but does no damage.
You feel sick.
The killer bee stings you! 😮 HP[-9] MP[+1]
You take 9 damage, and now have 32/51 hp.
Unknown command.
You barely miss the killer bee.
You feel sick.
You are no longer poisoned.
The killer bee barely misses you.
The killer bee stings you but does no damage. 😮 HP[-1]
You take 1 damage, and now have 31/51 hp.
You hit the killer bee but do no damage.
The killer bee misses you. The killer bee closely misses you.
You barely miss the killer bee. The killer bee stings you.
The killer bee stings you but does no damage. 😮 HP[-3]
You take 3 damage, and now have 28/51 hp.
You punch the killer bee! You freeze the killer bee. The killer bee misses you.
The killer bee closely misses you.
You closely miss the killer bee. The killer bee stings you. x2
* * * LOW HITPOINT WARNING * * *
😨 HP[-4]
You take 4 damage, and now have 24/51 hp.
You hit the killer bee. You freeze the killer bee.
You kill the killer bee!
The killer bee stings you but does no damage.
You have reached level 8! 😨 HP[+3]
You now have 57 max hp (+6).
You regained 3 hp, and now have 27/57 hp.
You closely miss the killer bee. The killer bee stings you.
* * * LOW HITPOINT WARNING * * *
The adder barely misses you. The killer bee stings you!
* * * LOW HITPOINT WARNING * * *
The adder bites you.
* * * LOW HITPOINT WARNING * * *
😱 HP[-14]
You take 14 damage, and now have 13/57 hp.
MASSIVE DAMAGE!! (PAUSE)
You hit the killer bee but do no damage.
The killer bee barely misses you. The killer bee closely misses you.
The adder bites you but does no damage. 😱 MP[+1]
You punch the killer bee! You freeze the killer bee.
You kill the killer bee!
The centaur wields a +0 shortbow.
The centaur shoots an arrow.
The arrow closely misses you. The adder closely misses you.
Unknown command.
You punch the adder! You freeze the adder.
You kill the adder!
The centaur shoots an arrow.
The arrow hits you!
* * * LOW HITPOINT WARNING * * *
The centaur shoots an arrow.
The arrow barely misses you. 😱 HP[-12]
You take 12 damage, and now have 1/57 hp.
MASSIVE DAMAGE!! (PAUSE)
Okay, then.
The centaur unwields a +0 shortbow.
The centaur hits you.
You die...

Skill      XL: |  1  2  3  4  5  6  7 |
---------------+----------------------+-----
Poison Magic   | 1 3 4 |  4.0
Ice Magic      | 1 3 5 |  5.2
Transmutations | 4 |  4.8
Spellcasting   | 4 |  4.4
Fighting       | |  1.0
Dodging        | |  2.0
Unarmed Combat | |  3.0

Action                   |  1- 3 |  4- 6 |  7- 9 || total
-------------------------+-------+-------+-------++-------
Melee: Unarmed           |    59 |   159 |   100 ||   318
       Constrict         |    11 |    20 |     1 ||    32
       Tentacles         |    10 |    16 |       ||    26
       Kick              |     3 |     9 |       ||    12
       Punch             |     2 |     1 |       ||     3
 Cast: Beastly Appendage |    12 |    10 |       ||    22
       Spider Form       |     1 |    10 |     5 ||    16
       Ice Form          |       |       |    14 ||    14
Evoke: Wand              |       |     3 |    15 ||    18
  Use: Scroll            |     5 |     3 |     3 ||    11
       Potion            |     5 |     3 |     2 ||    10
 Stab: Sleeping          |     8 |     3 |       ||    11
Armor: Skin              |     7 |    21 |    50 ||    78
Dodge: Dodged            |    34 |   123 |    91 ||   248

Levels and vault maps discovered:
D:1:      kilobyte_arrival_exit_the_forest, layout_loops_cross,
          hellmonk_ecumenical_altar_slurped_away
D:2:      layout_loops_cross
D:3:      layout_basic, small_statue_intersection, uniq_sigmund
D:4:      layout_loops_corners, nicolae_shop_self_help
D:5:      layout_gridville, nicolae_kikubaaqudgha_miasma_corner,
          minmay_temple_entry_arrows, hangedman_decor_growths
D:6:      layout_rooms, nicolae_titane
Temple:   nicolae_temple_two_arcs

Notes
Turn   | Place    | Note
-------+----------+-------------------------------------------
     0 | D:1      | ytrimaz the Octopode Transmuter began the quest for the
                  | Orb.
     0 | D:1      | Reached XP level 1. HP: 13/13 MP: 3/3
     0 | D:1      | magus.rc [v1.9.6]
   146 | D:1      | Reached skill level 1 in Poison Magic
   190 | D:1      | Reached XP level 2. HP: 16/18 MP: 5/5
   341 | D:1      | Reached skill level 2 in Poison Magic
   427 | D:1      | Found a faded altar of an unknown god.
   496 | D:1      | Learned a level 2 spell: Wereblood
   800 | D:1      | Reached skill level 3 in Poison Magic
   889 | D:1      | Reached XP level 3. HP: 23/23 MP: 6/6
   893 | D:1      | Learned a level 3 spell: Spider Form
  1189 | D:2      | HP: 4/23 [gnoll/+0 spear (5)]
  1195 | D:2      | Reached skill level 4 in Poison Magic
  1199 | D:2      | Reached skill level 1 in Ice Magic
  1199 | D:2      | Reached XP level 4. HP: 7/28 MP: 4/7
  1407 | D:2      | You pick up a book of the Senses and begin reading...
  1407 | D:2      | You add the spells Dazzling Flash, Agony and Silence to
                  | your library.
  1705 | D:2      | Reached skill level 2 in Ice Magic
  2071 | D:3      | Reached skill level 3 in Ice Magic
  2071 | D:3      | Reached XP level 5. HP: 32/33 MP: 5/8
  2094 | D:3      | HP: 8/33 [poisoned by an adder]
  2415 | D:3      | Noticed Sigmund
  2445 | D:3      | Killed Sigmund
  2446 | D:3      | Reached skill level 5 in Ice Magic
  2446 | D:3      | Reached XP level 6. HP: 20/38 MP: 5/9
  2923 | D:4      | Found Camno's Self-Improvement Boutique.
  3012 | D:4      | Reached XP level 7. HP: 37/43 MP: 7/10
  3317 | D:4      | Learned a level 4 spell: Ice Form
  3361 | D:4      | Reached skill level 3 in Transmutations
  3521 | D:4      | HP: 10/51 [acid (5)]
  3521 | D:4      | HP: 2/51 [acid (7)]
  3524 | D:4      | Reached skill level 3 in Spellcasting
  3971 | D:4      | Reached skill level 4 in Transmutations
  4615 | D:5      | Entered Level 5 of the Dungeon
  4657 | D:6      | Reached skill level 4 in Spellcasting
  4783 | D:5      | Found a staircase to the Ecumenical Temple.
  4791 | Temple   | Entered the Ecumenical Temple
  4895 | Temple   | Became a worshipper of Ashenzari the Shackled
  5040 | D:5      | Reached XP level 8. HP: 27/48 MP: 11/14
  5040 | D:5      | HP: 13/57 [adder (2)]
  5043 | D:5      | HP: 1/57 [centaur/arrow (12)]
  5044 | D:5      | Slain by a centaur

Vanquished Creatures
  Sigmund (D:3)
  3 wights (D:4)
  3 killer bees
  2 jellies (D:4)
  An orc priest (D:3)
  2 hounds
  2 iguanas (D:4)
  2 orc wizards (D:4)
  3 gnolls (D:2)
  9 adders
  A white imp (D:5)
  An ufetubus (D:6)
  A worm (D:3)
  4 dart slugs
  5 orcs
  7 ball pythons
  5 bats
  9 endoplasms
  7 giant cockroaches
  7 goblins
  8 hobgoblins
  8 jackals (D:3)
  2 quokkas
  5 frilled lizards
  5 kobolds
  3 rats
106 creatures vanquished.

Table legend:
 A = Non-vault XP
 B = Vault XP
 C = Vault XP percentage of total XP
 D = Non-vault monster count
 E = Vault monster count
 F = Vault count percentage of total count
                 A         B        C        D         E       F
            +---------+---------+-------+---------+---------+-------
      Total |    1108 |     225 |  16.9 |     104 |       2 |   1.9
            +---------+---------+-------+---------+---------+-------
        D:1 |      38 |       2 |   5.0 |      18 |       1 |   5.3
        D:2 |      96 |       0 |   0.0 |      21 |       0 |   0.0
        D:3 |     128 |     223 |  63.5 |      32 |       1 |   3.0
        D:4 |     583 |       0 |   0.0 |      25 |       0 |   0.0
        D:5 |     151 |       0 |   0.0 |       5 |       0 |   0.0
        D:6 |     112 |       0 |   0.0 |       3 |       0 |   0.0
            +---------+---------+-------+---------+---------+-------

Illustrated notes

Table legend:
 A = Kills in this place as a percentage of kills in entire the game.
 B = Kills by you in this place as a percentage of kills by you in the entire game.
 C = Kills by friends in this place as a percentage of kills by friends in the entire game.
 D = Other kills in this place as a percentage of other kills in the entire game.
 E = Experience gained in this place as a percentage of experience gained in the entire game.
 F = Experience gained in this place divided by the number of levels of this place that you have seen.
                   A       B       C       D       E      F
               +-------+-------+-------+-------+-------+----------------------
         Total | 100.0 | 100.0 |   N/A |   N/A | 100.0 | 190.4
       Dungeon | 100.0 | 100.0 |   N/A |   N/A | 100.0 | 222.2
               +-------+-------+-------+-------+-------+----------------------

Table legend: (Time is in decaauts)
 A = Elapsed time spent in this place.
 B = Non-inter-level travel time spent in this place.
 C = Inter-level travel time spent in this place.
 D = Time resting spent in this place.
 E = Time spent auto-exploring this place.
 F = Levels seen in this place.
 G = Mean time per level.
                   A        B        C        D        E       F      G
               +--------+--------+--------+--------+--------+-----+--------+
         Total |   5025 |   4915 |    110 |    372 |   3592 |   7 |  717.9 |
       Dungeon |   4912 |   4830 |     82 |    372 |   3520 |   6 |  818.7 |
        Temple |    112 |     84 |     28 |      0 |     72 |   1 |  112.0 |
               +--------+--------+--------+--------+--------+-----+--------+

Top non-repeatable levels by time:
     D:4: 1687 daAuts
     D:1: 1079 daAuts
     D:3: 915 daAuts
     D:2: 914 daAuts
     D:5: 237 daAuts
  Temple: 112 daAuts
     D:6: 77 daAuts
